TOP OF THE 1ST |
Cincinnati Pride batting - Pitching for Manhatten Meatheads : RHP Ricardo Montero
|
Pitching: RHP Ricardo Montero
|
|
Batting: SHB Jorge Maldonado
|
0-0: Ball 1-0: Foul Ball, location: 2F 1-1: Called Strike 1-2: Fly out, F7 (Flyball, 7S)
|
Batting: RHB Jorge Silva
|
0-0: SOLO HOME RUN (Flyball, 78XD), Distance : 389 ft
|
Batting: RHB Jorge Flores
|
0-0: Called Strike 0-1: Swinging Strike 0-2: SINGLE (Groundball, 6D)
|
Batting: LHB Paco Córdova
|
0-0: Swinging Strike 0-1: Called Strike 0-2: Ball 1-2: Strikes out swinging
|
Batting: RHB George Martin
|
0-0: Ball 1-0: Called Strike 1-1: Fly out, F6 (Line Drive, 6MD)
|
Top of the 1st over - 1 run(s), 2 hit(s), 0 error(s), 1 left on base; Cincinnati 1 - Manhatten 0 |
BOTTOM OF THE 1ST |
Manhatten Meatheads batting - Pitching for Cincinnati Pride : LHP José Reyes
|
Pitching: LHP José Reyes
|
|
Batting: LHB Eric Dillard
|
0-0: Ball 1-0: Foul Ball, location: 2F 1-1: Ball 2-1: Ball 3-1: Called Strike 3-2: Fly out, F4 (Line Drive, 4)
|
Batting: RHB José Esparza
|
0-0: Called Strike 0-1: Ball 1-1: Foul Ball, location: 2F 1-2: Foul Ball, location: 2F 1-2: Ball 2-2: Foul Ball, location: 2F 2-2: Foul Ball, location: 2F 2-2: SINGLE (Line Drive, 78M)
|
Batting: SHB José Sousa
|
0-0: Ball José Esparza is caught stealing 2nd base 1-0: Ball 2-0: SINGLE (Line Drive, 56)
|
Batting: RHB George Green
|
0-0: Ball José Sousa steals 2nd base 1-0: Called Strike 1-1: Foul Ball, location: 2F 1-2: Ground out 1-3 (Groundball, 15)
|
Bottom of the 1st over - 0 run(s), 2 hit(s), 0 error(s), 1 left on base; Cincinnati 1 - Manhatten 0 |
TOP OF THE 2ND |
Cincinnati Pride batting - Pitching for Manhatten Meatheads : RHP Ricardo Montero
|
Batting: RHB Francis Land
|
0-0: Called Strike 0-1: Ball 1-1: Fly out, F9 (Flyball, 9S)
|
Batting: RHB Gary Miller
|
0-0: Ground out 1-3 (Groundball, P)
|
Batting: RHB Pete Woods
|
0-0: Ball 1-0: Called Strike 1-1: Ball 2-1: Fly out, F4 (Line Drive, 4MD)
|
Top of the 2nd over - 0 run(s), 0 hit(s), 0 error(s), 0 left on base; Cincinnati 1 - Manhatten 0 |
BOTTOM OF THE 2ND |
Manhatten Meatheads batting - Pitching for Cincinnati Pride : LHP José Reyes
|
Batting: RHB Ramiro Santana
|
0-0: Ball 1-0: Ground out 6-3 (Groundball, 6)
|
Batting: SHB António Ramírez
|
0-0: Called Strike 0-1: Foul Ball, location: 2F 0-2: Ball 1-2: Ball 2-2: Foul Ball, location: 2F 2-2: Fly out, F7 (Flyball, 7S)
|
Batting: SHB León Glaviz
|
0-0: Called Strike 0-1: Called Strike 0-2: Ball 1-2: Strikes out looking
|
Bottom of the 2nd over - 0 run(s), 0 hit(s), 0 error(s), 0 left on base; Cincinnati 1 - Manhatten 0 |
TOP OF THE 3RD |
Cincinnati Pride batting - Pitching for Manhatten Meatheads : RHP Ricardo Montero
|
Batting: SHB Jaime Martínez
|
0-0: TRIPLE (Flyball, 89D)
|
Batting: SHB Jorge Maldonado
|
0-0: Ground out U3 (Groundball, 3)
|
Batting: RHB Jorge Silva
|
0-0: SINGLE (Line Drive, 89S) Jaime Martínez scores
|
Batting: RHB Jorge Flores
|
0-0: Called Strike Pickoff Throw to First - Out! 0-1: Foul Ball, location: 2F 0-2: Fly out, F9 (Flyball, 9S)
|
Top of the 3rd over - 1 run(s), 2 hit(s), 0 error(s), 0 left on base; Cincinnati 2 - Manhatten 0 |
BOTTOM OF THE 3RD |
Manhatten Meatheads batting - Pitching for Cincinnati Pride : LHP José Reyes
|
Batting: LHB Brent Haynes
|
0-0: Ball 1-0: Fly out, F4 (Popup, 4D)
|
Batting: RHB Tim Bonner
|
0-0: Called Strike 0-1: Foul Ball, location: 2F 0-2: SINGLE (Line Drive, 78S)
|
Batting: LHB Eric Dillard
|
0-0: Ball 1-0: Called Strike 1-1: Ball 2-1: Ball 3-1: Fielders Choice at 2nd, 4-6 (Groundball, 34)
|
Batting: RHB José Esparza
|
0-0: Hit by Pitch Eric Dillard to second
|
Batting: SHB José Sousa
|
0-0: Foul Ball, location: 2F 0-1: Foul Ball, location: 2F 0-2: Ball 1-2: Ball 2-2: Foul Ball, location: 2F 2-2: Strikes out swinging
|
Bottom of the 3rd over - 0 run(s), 1 hit(s), 0 error(s), 2 left on base; Cincinnati 2 - Manhatten 0 |
TOP OF THE 4TH |
Cincinnati Pride batting - Pitching for Manhatten Meatheads : RHP Ricardo Montero
|
Batting: LHB Paco Córdova
|
0-0: Called Strike 0-1: Ball 1-1: Ball 2-1: Ball 3-1: Base on Balls
|
Batting: RHB George Martin
|
0-0: Ball 1-0: Ball 2-0: Fielders Choice at 2nd, 1-4 (Groundball, 15S)
|
Batting: RHB Francis Land
|
0-0: Ball 1-0: Called Strike 1-1: Swinging Strike 1-2: Strikes out looking
|
Batting: RHB Gary Miller
|
0-0: Called Strike 0-1: Ball 1-1: Ground out 5-3 (Groundball, 56)
|
Top of the 4th over - 0 run(s), 0 hit(s), 0 error(s), 1 left on base; Cincinnati 2 - Manhatten 0 |
BOTTOM OF THE 4TH |
Manhatten Meatheads batting - Pitching for Cincinnati Pride : LHP José Reyes
|
Batting: RHB George Green
|
0-0: Foul Ball, location: 2F 0-1: Fly out, F8 (Flyball, 78M)
|
Batting: RHB Ramiro Santana
|
0-0: Called Strike 0-1: Called Strike 0-2: Ball 1-2: Strikes out looking
|
Batting: SHB António Ramírez
|
0-0: SINGLE (Groundball, 5D)
|
Batting: SHB León Glaviz
|
0-0: Called Strike 0-1: Called Strike 0-2: Ball 1-2: Ball 2-2: Ball 3-2: Strikes out swinging
|
Bottom of the 4th over - 0 run(s), 1 hit(s), 0 error(s), 1 left on base; Cincinnati 2 - Manhatten 0 |
TOP OF THE 5TH |
Cincinnati Pride batting - Pitching for Manhatten Meatheads : RHP Ricardo Montero
|
Batting: RHB Pete Woods
|
0-0: Ball 1-0: Ground out 1-3 (Groundball, 13)
|
Batting: SHB Jaime Martínez
|
0-0: Ground out 4-3 (Groundball, 4)
|
Batting: SHB Jorge Maldonado
|
0-0: Called Strike 0-1: Ground out 6-3 (Groundball, 56)
|
Top of the 5th over - 0 run(s), 0 hit(s), 0 error(s), 0 left on base; Cincinnati 2 - Manhatten 0 |
BOTTOM OF THE 5TH |
Manhatten Meatheads batting - Pitching for Cincinnati Pride : LHP José Reyes
|
Batting: LHB Brent Haynes
|
0-0: Called Strike 0-1: Called Strike 0-2: Ball 1-2: Foul Ball, location: 2F 1-2: Strikes out swinging
|
Batting: RHB Tim Bonner
|
0-0: Called Strike 0-1: Called Strike 0-2: Ground out 4-3 (Groundball, 34D)
|
Batting: LHB Eric Dillard
|
0-0: Ball 1-0: Called Strike 1-1: Ball 2-1: Foul Ball, location: 2F 2-2: Strikes out swinging
|
Bottom of the 5th over - 0 run(s), 0 hit(s), 0 error(s), 0 left on base; Cincinnati 2 - Manhatten 0 |
TOP OF THE 6TH |
Cincinnati Pride batting - Pitching for Manhatten Meatheads : RHP Ricardo Montero
|
Batting: RHB Jorge Silva
|
0-0: SINGLE (Line Drive, 8LS)
|
Batting: RHB Jorge Flores
|
0-0: Fly out, F8 (Flyball, 89XD)
|
Batting: LHB Paco Córdova
|
0-0: Swinging Strike 0-1: Ball 1-1: Ball 2-1: 2-RUN HOME RUN (Flyball, 89XD), Distance : 375 ft
|
Pitching: LHP Gerardo González
|
|
Batting: RHB George Martin
|
0-0: Ball 1-0: SINGLE (Groundball, 6MD)
|
Batting: RHB Francis Land
|
0-0: Swinging Strike 0-1: Called Strike 0-2: SINGLE (Groundball, 56S) (infield hit) George Martin to second
|
Batting: RHB Gary Miller
|
0-0: Called Strike 0-1: Called Strike 0-2: Foul Ball, location: 2F 0-2: SINGLE (Groundball, 6MD) George Martin to third Francis Land to second Runner from 3rd tries for Home, SAFE, throw made home Francis Land to third Gary Miller to second
|
Batting: RHB Pete Woods
|
0-0: Ball 1-0: Called Strike 1-1: Ball 2-1: Swinging Strike 2-2: Foul Ball, location: 2F 2-2: Ball 3-2: Strikes out looking
|
Batting: SHB Jaime Martínez
|
0-0: Called Strike 0-1: Fly out, F8 (Flyball, 8LS)
|
Top of the 6th over - 3 run(s), 5 hit(s), 0 error(s), 2 left on base; Cincinnati 5 - Manhatten 0 |
BOTTOM OF THE 6TH |
Manhatten Meatheads batting - Pitching for Cincinnati Pride : LHP José Reyes
|
Batting: RHB José Esparza
|
0-0: Called Strike 0-1: SINGLE (Line Drive, 56)
|
Batting: SHB José Sousa
|
0-0: Called Strike José Esparza is caught stealing 2nd base 0-1: Ball 1-1: Called Strike 1-2: Ball 2-2: Foul Ball, location: 2F 2-2: Strikes out swinging
|
Batting: RHB George Green
|
0-0: Fly out, F8 (Flyball, 8RM)
|
Bottom of the 6th over - 0 run(s), 1 hit(s), 0 error(s), 0 left on base; Cincinnati 5 - Manhatten 0 |
TOP OF THE 7TH |
Cincinnati Pride batting - Pitching for Manhatten Meatheads : LHP Gerardo González
|
Batting: SHB Jorge Maldonado
|
0-0: Called Strike 0-1: Fly out, F6 (Line Drive, 6M)
|
Batting: RHB Jorge Silva
|
0-0: Called Strike 0-1: Swinging Strike 0-2: Fly out, F9 (Line Drive, 9)
|
Batting: RHB Jorge Flores
|
0-0: Called Strike 0-1: Swinging Strike 0-2: Ball 1-2: Strikes out swinging
|
Top of the 7th over - 0 run(s), 0 hit(s), 0 error(s), 0 left on base; Cincinnati 5 - Manhatten 0 |
BOTTOM OF THE 7TH |
Manhatten Meatheads batting - Pitching for Cincinnati Pride : LHP José Reyes
|
Pitching: RHP Basilio Bea
|
|
Batting: RHB Ramiro Santana
|
0-0: Ball 1-0: Ball 2-0: Foul Ball, location: 2F 2-1: SINGLE (Line Drive, 4D)
|
Batting: SHB António Ramírez
|
0-0: Called Strike 0-1: Swinging Strike 0-2: Ball 1-2: Ball 2-2: Ball 3-2: Foul Ball, location: 2F 3-2: Foul Ball, location: 2F 3-2: Base on Balls Ramiro Santana to second
|
Batting: SHB León Glaviz
|
0-0: Ball 1-0: Swinging Strike 1-1: Ground out 4-3 (Groundball, 4S) Ramiro Santana to third António Ramírez to second
|
Batting: LHB Brent Haynes
|
0-0: Ball 1-0: Ball 2-0: Ball 3-0: Called Strike 3-1: Base on Balls
|
Batting: RHB Tim Bonner
|
0-0: Ball 1-0: SINGLE (Line Drive, 7S) Ramiro Santana scores António Ramírez to third Brent Haynes to second Runner from 3rd tries for Home, throw and OUT! Brent Haynes to third Tim Bonner to second
|
Batting: LHB Eric Dillard
|
0-0: Called Strike 0-1: Foul Ball, location: 2F 0-2: Ball 1-2: Strikes out looking
|
Bottom of the 7th over - 1 run(s), 2 hit(s), 0 error(s), 2 left on base; Cincinnati 5 - Manhatten 1 |
TOP OF THE 8TH |
Cincinnati Pride batting - Pitching for Manhatten Meatheads : LHP Gerardo González
|
Batting: LHB Paco Córdova
|
0-0: Foul Ball, location: 2F 0-1: Ball 1-1: Ball 2-1: Foul Ball, location: 2F 2-2: Ball 3-2: Foul Ball, location: 2F 3-2: Foul Ball, location: 2F 3-2: Base on Balls
|
Batting: RHB George Martin
|
0-0: Ball 1-0: Ball 2-0: Called Strike 2-1: Ball 3-1: Foul Ball, location: 2F 3-2: Base on Balls Paco Córdova to second
|
Batting: RHB Francis Land
|
0-0: Reached on error, E5 (Groundball, 5S) Paco Córdova to third George Martin to second
|
Batting: RHB Gary Miller
|
0-0: Called Strike 0-1: Ball 1-1: Swinging Strike 1-2: Strikes out swinging
|
Batting: RHB Pete Woods
|
0-0: Ball 1-0: Fielders Choice at 2nd, 4-6 (Groundball, 34) Paco Córdova scores George Martin to third
|
Batting: SHB Jaime Martínez
|
0-0: Ball 1-0: DOUBLE (Line Drive, 9LM) George Martin scores Pete Woods to third
|
Batting: SHB Jorge Maldonado
|
0-0: Ball 1-0: Ball 2-0: SINGLE (Groundball, 56) (infield hit) Pete Woods scores Jaime Martínez to third
|
Pitching: RHP Ángel Antonio
|
|
Batting: RHB Jorge Silva
|
0-0: Called Strike 0-1: Ball 1-1: Swinging Strike 1-2: Foul Ball, location: 2F 1-2: Ball 2-2: Strikes out swinging
|
Top of the 8th over - 3 run(s), 2 hit(s), 1 error(s), 2 left on base; Cincinnati 8 - Manhatten 1 |
BOTTOM OF THE 8TH |
Manhatten Meatheads batting - Pitching for Cincinnati Pride : RHP Basilio Bea
|
Batting: RHB José Esparza
|
0-0: DOUBLE (Flyball, 89D)
|
Batting: SHB José Sousa
|
0-0: Ball 1-0: Ball 2-0: Fly out, F7 (Flyball, 7)
|
Batting: RHB George Green
|
0-0: Ball 1-0: Ball 2-0: Ground out 3-1 (Groundball, 34) José Esparza to third
|
Batting: RHB Ramiro Santana
|
0-0: Called Strike 0-1: Ball 1-1: Ball 2-1: Called Strike 2-2: Foul Ball, location: 2F 2-2: Fly out, F4 (Popup, 34)
|
Bottom of the 8th over - 0 run(s), 1 hit(s), 0 error(s), 1 left on base; Cincinnati 8 - Manhatten 1 |
TOP OF THE 9TH |
Cincinnati Pride batting - Pitching for Manhatten Meatheads : RHP Ángel Antonio
|
Batting: RHB Jorge Flores
|
0-0: Called Strike 0-1: Swinging Strike 0-2: Strikes out swinging
|
Batting: LHB Paco Córdova
|
0-0: Called Strike 0-1: Foul Ball, location: 2F 0-2: SINGLE (Groundball, 6MD)
|
Batting: RHB George Martin
|
0-0: Ball 1-0: Called Strike 1-1: SINGLE (Groundball, 56D) Paco Córdova to second
|
Batting: RHB Francis Land
|
0-0: SINGLE (Groundball, 4MD) Paco Córdova to third George Martin to second Runner from 3rd tries for Home, SAFE, throw made home George Martin to third Francis Land to second
|
Batting: RHB Gary Miller
|
0-0: Called Strike 0-1: Ball 1-1: Swinging Strike 1-2: Foul Ball, location: 2F 1-2: Strikes out swinging
|
Batting: RHB Pete Woods
|
0-0: Swinging Strike 0-1: Foul Ball, location: 2F 0-2: Ball 1-2: Ball 2-2: Foul Ball, location: 2F 2-2: Ball 3-2: Base on Balls
|
Batting: SHB Jaime Martínez
|
0-0: Called Strike 0-1: Called Strike 0-2: SINGLE (Line Drive, 6MD) George Martin scores Francis Land to third Pete Woods to second Runner from 3rd tries for Home, SAFE, no throw
|
Batting: SHB Jorge Maldonado
|
0-0: Swinging Strike 0-1: Ball 1-1: Foul Ball, location: 2F 1-2: Ball 2-2: Strikes out swinging
|
Top of the 9th over - 3 run(s), 4 hit(s), 0 error(s), 2 left on base; Cincinnati 11 - Manhatten 1 |
BOTTOM OF THE 9TH |
Manhatten Meatheads batting - Pitching for Cincinnati Pride : RHP Basilio Bea
|
Now in LF: José Antonio Delgado
|
|
Batting: SHB António Ramírez
|
0-0: Ball 1-0: Called Strike 1-1: Ground out 4-3 (Groundball, 4MS)
|
Batting: SHB León Glaviz
|
0-0: Called Strike 0-1: Called Strike 0-2: Ball 1-2: Foul Ball, location: 2F 1-2: Foul Ball, location: 2F 1-2: Reached on error, E4 (Groundball, 4)
|
Batting: LHB Brent Haynes
|
0-0: Foul Ball, location: 2F 0-1: Swinging Strike 0-2: Foul Ball, location: 2F 0-2: Fly out, F9 (Flyball, 9)
|
Batting: RHB Tim Bonner
|
0-0: Fly out, F8 (Flyball, 78M)
|
Bottom of the 9th over - 0 run(s), 0 hit(s), 1 error(s), 1 left on base; Cincinnati 11 - Manhatten 1 |
|